 Dungeon Sprint DCSS version 0.26-a0-660-gc07710193c (webtiles) character file.

Game seed: 2913017952998634912

111 sahdkjhfkaj the Magician (level 4, -8/27 HPs)
             Began as an Octopode Conjurer on Oct 7, 2020.
             Was an Initiate of Gozag.
             Shot with an arrow by a centaur (18 damage)
             ... in the Dungeon (Sprint VII: "The Pits").
             The game lasted 00:01:38 (472 turns).

sahdkjhfkaj the Magician (Octopode Conjurer)         Turns: 472, Time: 00:01:39

Health: -8/27      AC:  1    Str:  6    XL:     4   Next: 92%
Magic:  13/13      EV: 13    Int: 21    God:    Gozag
Gold:   450        SH:  0    Dex: 10    Spells: 6/17 levels left

rFire    . . .     SeeInvis .   a - +2 dagger (drain)
rCold    . . .     Faith    .   (no shield)
rNeg     . . .     Spirit   .   (helmet restricted)
rPois    .         Reflect  .   (no amulet)
rElec    .         Harm     .   (no ring)
rCorr    .         Rampage  .   (no ring)
MR       .....     NoTele   +   (no ring)
Stlth    +++.......             (no ring)
HPRegen  0.09/turn              (no ring)
MPRegen  0.13/turn              (no ring)
                                (no ring)
                                (no ring)

@: no status effects
A: almost no armour, stealthy swim, amphibious, 8 rings, constrict 8, camouflage
1, gelatinous body 1
a: Potion Petition, Call Merchant, Bribe Branch, Renounce Religion


You were in the Dungeon.
You worshipped Gozag.
Gozag was aware of your devotion.
You visited 1 branch You collected 450 gold pieces.

Inventory:

Hand Weapons
 a - a +2 dagger of draining (weapon)
Scrolls
 g - a scroll of blinking
 i - 3 scrolls of remove curse
 j - 5 scrolls of amnesia
 k - a scroll of summoning
Potions
 b - 6 potions of curing
 c - 6 potions of heal wounds
 d - a potion of haste
 e - 4 potions of magic
 f - 3 potions of berserk rage
 h - 2 potions of invisibility


   Skills:
 - Level 2.0 Dodging
 - Level 2.6 Stealth
 + Level 7.2 Spellcasting
 + Level 6.7 Conjurations
 * Level 0.0 Hexes
 * Level 0.0 Translocations


You had 6 spell levels left.
You knew the following spells:

 Your Spells              Type           Power        Failure   Level
a - Magic Dart            Conj           ####         1%          1
b - Searing Ray           Conj           #####.       1%          2
c - Fulminant Prism       Conj/Hex       ###.......   22%         4
d - Iskenderun's Mystic   Conj/Tloc      ###.....     22%         4

Your spell library contained the following spells:

 Spells                   Type           Power        Failure   Level
 Dazzling Flash           Conj/Hex       ###...       7%          3


Dungeon Overview and Level Annotations

Branches:
Dungeon (1/1)

Altars:
Ashenzari
Cheibriados
Dithmenos
Elyvilon
Fedhas
Gozag
Hepliaklqana
Kikubaaqudgha
Makhleb
Nemelex Xobeh
Okawaru
Qazlal
Ru
Sif Muna
Trog
Uskayaw
Vehumet
Wu Jian
Xom
Yredelemnul
Zin
The Shining One
Beogh
Jiyva
Lugonu


Innate Abilities, Weirdness & Mutations

You cannot wear most types of armour.
You are very stealthy in the water. (Stealth+)
You are amphibious.
You can wear up to eight rings at the same time.
You can use your tentacles to constrict eight enemies at once.
Your skin changes colour to match your surroundings (Stealth+).
Your rubbery body absorbs attacks. (AC +1, EV +1)


Message History

A jackal and a centaur come into view.
The centaur wields a +0 shortbow.
The centaur shoots an arrow.
The arrow hits you.
You hear a shout!
There is an open door here.
You see here an arrow.
You hear a shout! x2; You hear a bark!
Adjust (i)tems, (s)pells, or (a)bilities?
Adjust which spell?
Okay, then.
Unknown command.
You close the door, pushing everything out of the way.
You hear a bark!
You start resting.
The centaur shoots an arrow.
The arrow hits you!
A river rat comes into view.
The centaur shoots an arrow.
The arrow hits you!!
Ouch! That really hurt!
You die...
Your body crumbles into a pile of gold.

#..........รท'.....
#'#####'#####.....
#.#..#.....##.....
#.#))#####'#####'#
#.#))#.....##.....
#.#))#.....##.....
#.#[[###'####.....
#(##'#.....##...<.
#@#........##.....
#.#........##.....
#'###########.....
#c.....c# ######
#.###...# #.# .#
#.# #.r #..


You could see a centaur and a river rat (wandering).

Vanquished Creatures
  An ogre (D)
  An adder (D)
  A river rat (D)
  An ufetubus (D)
  An adder zombie (D)
  An orc (D)
  A giant cockroach (D)
  A kobold (D)
  A ball python zombie (D)
9 creatures vanquished.

Notes
Turn   | Place    | Note
-------+----------+-------------------------------------------
     0 | D        | sahdkjhfkaj the Octopode Conjurer began the quest for the
                  | Orb.
     0 | D        | Reached XP level 1. HP: 11/11 MP: 3/3
    53 | D        | Found a bloodstained altar of Trog.
    53 | D        | Found a shimmering blue altar of Sif Muna.
    53 | D        | Found a viscous altar of Jiyva.
    53 | D        | Found a hazy altar of Hepliaklqana.
    53 | D        | Found an opulent altar of Gozag.
    54 | D        | Found a glowing golden altar of the Shining One.
    54 | D        | Found a glowing silver altar of Zin.
    54 | D        | Found a basalt altar of Yredelemnul.
    54 | D        | Found a shimmering altar of Xom.
    54 | D        | Found an ornate altar of the Wu Jian Council.
    54 | D        | Found a sacrificial altar of Ru.
    54 | D        | Found a stormy altar of Qazlal.
    54 | D        | Found an iron altar of Okawaru.
    54 | D        | Found a sparkling altar of Nemelex Xobeh.
    54 | D        | Found a burning altar of Makhleb.
    54 | D        | Found a blossoming altar of Fedhas.
    54 | D        | Found a white marble altar of Elyvilon.
    54 | D        | Found a shadowy altar of Dithmenos.
    54 | D        | Found a snail-covered altar of Cheibriados.
    57 | D        | Found a corrupted altar of Lugonu.
    57 | D        | Found a radiant altar of Vehumet.
    57 | D        | Found a roughly hewn altar of Beogh.
    58 | D        | Found an ancient bone altar of Kikubaaqudgha.
    58 | D        | Found a hide-covered altar of Uskayaw.
    58 | D        | Found a broken altar of Ashenzari.
    61 | D        | Became a worshipper of Gozag Ym Sagoz the Greedy
   101 | D        | Reached skill level 3 in Spellcasting
   101 | D        | Reached XP level 2. HP: 17/17 MP: 0/6
   105 | D        | Learned a level 2 spell: Searing Ray
   158 | D        | Reached skill level 4 in Spellcasting
   207 | D        | Reached skill level 5 in Conjurations
   257 | D        | Reached XP level 3. HP: 21/21 MP: 6/9
   305 | D        | Noticed an ogre
   306 | D        | Reached skill level 5 in Spellcasting
   327 | D        | Killed an ogre
   327 | D        | Reached skill level 7 in Spellcasting
   327 | D        | Reached XP level 4. HP: 27/27 MP: 7/13
   452 | D        | Learned a level 4 spell: Fulminant Prism
   457 | D        | Learned a level 4 spell: Iskenderun's Mystic Blast
   458 | D        | Noticed a centaur
   472 | D        | Shot with an arrow by a centaur

Illustrated notes

Levels and vault maps discovered:
D:        pitsprint [storerooms_1, entrance_room_1, metal_vault_4, armoury_2,
          mini_pit_1, grid_room_1, main_hall_1, silver_pit, the_coven_1,
          the_vestibule_1, steel_vault_1, golden_pit, hallway_of_sentries,
          crystal_vault_2, iron_vault_4, final_vault]

Skill      XL: |  1  2  3 |
---------------+----------+-----
Spellcasting   | 3 4 7 |  7.2
Conjurations   | 5 6 |  6.7
Dodging        | |  2.0
Stealth        | |  2.6

Action                   |  1- 3 |  4- 6 || total
-------------------------+-------+-------++-------
Melee: Dagger            |     4 |       ||     4
       Constrict         |     1 |       ||     1
       Tentacles         |     1 |       ||     1
 Cast: Magic Dart        |     6 |       ||     6
       Searing Ray       |     6 |       ||     6
Dodge: Dodged            |     6 |       ||     6

Table legend: (Time is in decaauts)
 A = Elapsed time spent in this place.
 B = Non-inter-level travel time spent in this place.
 C = Inter-level travel time spent in this place.
 D = Time resting spent in this place.
 E = Time spent auto-exploring this place.
 F = Levels seen in this place.
 G = Mean time per level.
                   A        B        C        D        E       F      G
               +--------+--------+--------+--------+--------+-----+--------+
         Total |    470 |    448 |     22 |    264 |      0 |   1 |  470.0 |
       Dungeon |    470 |    448 |     22 |    264 |      0 |   1 |  470.0 |
               +--------+--------+--------+--------+--------+-----+--------+

Top non-repeatable levels by time:
       D: 470 daAuts
